 Dungeon Crawl Stone Soup version 0.29.1-2-gbd0b4ee654 (webtiles) character file.

Game seed: 10790753402793434152

1806 Mune the Covered (level 9, 0/55 HPs)
             Began as a Gargoyle Berserker on Nov 25, 2022.
             Was a Follower of Trog.
             Slain by a small abomination (4 damage)
             ... on level 6 of the Dungeon.
             The game lasted 00:17:05 (5071 turns).

Mune the Covered (Gargoyle Berserker)               Turns: 5071, Time: 00:17:06

Health: 0/55       AC: 19    Str: 24    XL:     9   Next: 9%
Magic:  9/9        EV:  9    Int:  9    God:    Trog [*.....]
Gold:   203        SH:  0    Dex:  9    Spells: 8/8 levels left

rFire   . . .      SeeInvis .   K - +4 quarterstaff (chaos)
rCold   . . .      Faith    .   (shield currently unavailable)
rNeg    + . .      Spirit   .   F - +0 chain mail
rPois   ∞          Reflect  .   (no helmet)
rElec   +          Harm     .   (no cloak)
rCorr   .          Rampage  .   o - +0 pair of gloves
Will    ++...                   k - +0 pair of boots
Stlth   ..........              m - amulet of regeneration
HPRegen 1.98/turn               (no ring)
MPRegen 0.11/turn               (no ring)

@: strong-willed, on berserk cooldown, regenerating, slowed, very slow
A: sickness immunity, AC +6, negative energy resistance 1, electricity
resistance, torment resistance 1, petrification resistance
a: Renounce Religion, Berserk


You were on level 6 of the Dungeon.
You worshipped Trog.
Trog was aware of your devotion.
You visited 2 branches of the dungeon, and saw 7 of its levels.

You collected 203 gold pieces.

Inventory:

Hand Weapons
 a - a +0 mace
 c - a +0 spear
 p - a +0 spear
 r - a +2 dagger of flaming
 v - a +0 sling of flaming
 C - a +0 short sword
 D - a +0 antimagic hand axe
 K - a +4 quarterstaff of chaos (weapon)
 L - a +0 hammer
 N - a +4 dagger
 O - a +3 long sword
 R - a +3 hand axe
Missiles
 h - 51 stones (quivered)
 u - 2 throwing nets
 y - 6 poisoned darts
Armour
 b - a +0 animal skin
 k - a +0 pair of boots (worn)
 l - a +0 leather armour
 o - a +0 pair of gloves (worn)
 F - a +0 chain mail (worn)
Magical Staves
 M - a staff of poison
Jewellery
 m - an amulet of regeneration (around neck)
 Q - a ring of wizardry
Wands
 s - a wand of polymorph (5)
 B - a wand of light (7)
 J - a wand of digging (2)
Scrolls
 e - 3 scrolls of vulnerability {unknown}
 f - 2 scrolls of fog {unknown}
 g - 16 scrolls of identify {unknown}
 j - 2 scrolls of noise {unknown}
 t - 2 scrolls of magic mapping {unknown}
 w - 2 scrolls of enchant weapon {unknown}
 A - a scroll of silence {unknown}
 E - a scroll of immolation {unknown}
 H - a scroll of enchant armour {unknown}
 I - a scroll of poison {unknown}
 S - a scroll of teleportation {unknown}
Potions
 d - 2 potions of flight {unknown}
 i - a potion of mutation {unknown}
 n - 2 potions of attraction {unknown}
 q - a potion of resistance {unknown}
 x - 2 potions of heal wounds {unknown}
 z - a potion of brilliance {unknown}
 G - 3 potions of cancellation {unknown}
 P - a potion of haste {unknown}


   Skills:
 + Level 5.8 Fighting
 + Level 3.4 Short Blades
 + Level 3.4(4.5) Axes
 + Level 3.5(4.7) Maces & Flails
 + Level 3.0(4.1) Polearms
 + Level 2.7(4.2) Staves
 + Level 6.1 Armour
 + Level 3.8 Dodging
 + Level 2.8 Stealth


You had 8 spell levels left.
You didn't know any spells.
Your spell library contained the following spells:

 Spells                   Type           Power      Damage    Failure   Level
 Dazzling Flash           Conj/Hex       0%         N/A       100%        3
 Cause Fear               Hex            0%         N/A       100%        4
 Agony                    Necr           0%         N/A       100%        5
 Silence                  Hex/Air        0%         N/A       100%        5
 Dragon Form              Tmut           0%         N/A       100%        7
 Dragon's Call            Summ           0%         N/A       100%        9


Dungeon Overview and Level Annotations

Branches:
Dungeon (6/15)             Temple (1/1) D:4

Altars:
Ashenzari
Cheibriados
Dithmenos
Elyvilon
Fedhas
Gozag
Hepliaklqana
Makhleb
Okawaru
Qazlal
Ru
Uskayaw
Vehumet
Wu Jian
Xom
Yredelemnul
Zin
The Shining One

Shops:
D:1 [

Portals:
Abyss: D:6

Annotations:
D:6 1 transporter, SirLogeyBear's ghost, novice HOBe


Innate Abilities, Weirdness & Mutations

You are immune to sickness and miasma.
Your stone body is resilient. (AC +6)
You are immune to poison.
You resist negative energy. (rN+)
You are resistant to electric shocks. (rElec)
You are resistant to unholy torment.
You are immune to petrification.


Message History

SirLogeyBear's ghost screams, "What do you have that I didn't have?"
SirLogeyBear's ghost barely misses you. The crimson imp closely misses you.
You completely miss SirLogeyBear's ghost.
SirLogeyBear's ghost is lightly damaged.
SirLogeyBear's ghost hits you but does no damage.
The crimson imp closely misses you.
You hit SirLogeyBear's ghost.
SirLogeyBear's ghost flickers and vanishes!
Deactivating autopickup; reactivate with Ctrl-A.
Something hits you but does no damage.
The crimson imp hits you but does no damage. x2
Something hits you!
You hit something but do no damage.
Nothing appears to happen.
Something hits you!
The crimson imp blinks! x2
Something hits you but does no damage.
You hit the small abomination. You freeze the small abomination.
The small abomination is lightly damaged.
The small abomination hits you but does no damage.
Something completely misses you.
The small abomination hits you but does no damage.
You hit something but do no damage. Something hits you!
The small abomination barely misses you.
Something hits you.
Your skin crawls.
You feel strong-willed.
You can no longer call upon Trog for regeneration and willpower.
The small abomination hits you but does no damage.
Something hits you but does no damage.
The small abomination hits you but does no damage.
You hit something.
Nothing appears to happen.
Something hits you.
The small abomination barely misses you.
Something hits you.
The small abomination hits you but does no damage.
The small abomination hits you.
* * * LOW HITPOINT WARNING * * *
The crimson imp blinks!
Something hits you!
* * * LOW HITPOINT WARNING * * *
The small abomination closely misses you.
The small abomination hits you.
You die...

.. ...#....## . ...
#.#....# #.#..^
...##...# #.#..# #.#
##..# #.... #. ##..#
#(#. . #©##...# ?.5
..###....# #
#x##.........# ##
#.##@##........#####.
#.©{x#####..........
#.###..#####.........
#. #.#.∩...x#©........
#. ..##.#####.....###.
# ....####......#.# #.
...............#.#~#.
................#.###.
##.....###...†.##..#
#.


You could see 2 small abominations and a crimson imp.

Vanquished Creatures
  A toenail golem (D:6)
  Grinder (D:4)
  Eustachio (D:5)
  2 black bears (D:5)
  An ice beast (D:5)
  A small abomination (D:6)
  A scorpion (D:6)
  4 wights (D:6)
  3 jellies
  3 hounds (D:5)
  Crazy Yiuf (D:5)
  A gnoll bouda (D:5)
  2 iguanas
  8 adders
  9 gnolls
  A white imp (D:5)
  An ufetubus (D:5)
  2 worms
  2 dart slugs
  4 orcs
  11 endoplasms
  2 giant cockroaches
  12 goblins
  8 hobgoblins
  6 kobolds
  4 quokkas
  11 ball pythons
  4 bats
  4 frilled lizards
  4 rats
115 creatures vanquished.

Vanquished Creatures (others)
  A kobold (D:4)
  10 fungi (D:6)
11 creatures vanquished.

Grand Total: 126 creatures vanquished

Notes
Turn   | Place    | Note
-------+----------+-------------------------------------------
     0 | D:1      | Mune the Gargoyle Berserker began the quest for the Orb.
     0 | D:1      | Reached XP level 1. HP: 14/14 MP: 1/1
   169 | D:1      | Reached XP level 2. HP: 11/19 MP: 2/2
   631 | D:1      | Found Eshredudd's Armour Shoppe.
   870 | D:1      | Reached XP level 3. HP: 23/24 MP: 3/3
  1340 | D:2      | Reached ** piety under Trog
  1426 | D:2      | Reached skill level 1 in Polearms
  1426 | D:2      | Reached XP level 4. HP: 29/29 MP: 4/4
  1890 | D:2      | You fall into a shaft and drop 2 floors!
  2043 | D:3      | Reached XP level 5. HP: 23/33 MP: 5/5
  2127 | D:2      | Found a glowing silver altar of Zin.
  3486 | D:4      | Noticed Grinder
  3519 | D:4      | Killed Grinder
  3520 | D:4      | Reached skill level 1 in Short Blades
  3520 | D:4      | Reached skill level 3 in Armour
  3520 | D:4      | Reached skill level 1 in Stealth
  3520 | D:4      | Reached XP level 6. HP: 31/39 MP: 6/6
  3568 | D:4      | Found a staircase to the Ecumenical Temple.
  3581 | Temple   | Entered the Ecumenical Temple
  3811 | D:5      | Entered Level 5 of the Dungeon
  3817 | D:5      | Reached XP level 7. HP: 44/44 MP: 7/7
  4044 | D:5      | Reached skill level 5 in Fighting
  4195 | D:5      | Reached skill level 1 in Axes
  4195 | D:5      | Reached skill level 4 in Armour
  4195 | D:5      | Reached XP level 8. HP: 41/49 MP: 2/8
  4433 | D:5      | Found a runed translucent door.
  4434 | D:5      | Noticed Crazy Yiuf
  4449 | D:5      | Killed Crazy Yiuf
  4762 | D:5      | Noticed Eustachio
  4776 | D:5      | Killed Eustachio
  4860 | D:6      | Reached skill level 5 in Armour
  4867 | D:6      | Reached skill level 1 in Staves
  4985 | D:6      | Found a transporter.
  5007 | D:6      | Found a transporter.
  5008 | D:6      | Found a one-way gate to the infinite horrors of the Abyss.
  5008 | D:6      | Noticed SirLogeyBear's ghost (novice HOBe)
  5035 | D:6      | Noticed a toenail golem
  5059 | D:6      | Killed a toenail golem
  5060 | D:6      | Reached skill level 6 in Armour
  5060 | D:6      | Reached XP level 9. HP: 55/55 MP: 9/9
  5071 | D:6      | Slain by a small abomination

Illustrated notes

Levels and vault maps discovered:
D:1:      roderic_dead_forest, layout_basic, serial_shops, shop
D:2:      layout_basic, basic_altar, st_stairs_11
D:3:      layout_basic
D:4:      layout_rooms, temple_statues, uniq_grinder
D:5:      layout_loops_ring, uniq_crazy_yiuf_cottage, uniq_eustachio
D:6:      layout_basic, gammafunk_ghost_abyssal_escape, serial_aquarium,
          aquarium_bridge_straight [aquarium_subvault_bridge,
          aquarium_subvault_window, aquarium_subvault_bridge,
          aquarium_subvault_wall], aquarium_window_corner,
          aquarium_window_corridor_3, aquarium_view_2a, aquarium_view_2b
Temple:   hc_temple_tempest_star

Skill      XL: |  1  2  3  4  5  6  7  8 |
---------------+-------------------------+-----
Polearms       | 1 2 3 |  3.0
Dodging        | 2 3 |  3.8
Fighting       | 4 5 |  5.8
Short Blades   | 1 2 3 |  3.4
Armour         | 3 4 6 |  6.1
Stealth        | 1 2 |  2.8
Axes           | 1 3 |  3.4
Staves         | 2 |  2.7
Maces & Flails | |  3.5

Action                   |  1- 3 |  4- 6 |  7- 9 || total
-------------------------+-------+-------+-------++-------
Melee: Spear             |   102 |    79 |       ||   181
       Mace              |     9 |       |       ||     9
       Punch             |       |     2 |     3 ||     5
       Dagger            |       |    98 |    13 ||   111
       Hand axe          |       |       |    94 ||    94
       Quarterstaff      |       |       |    64 ||    64
Invok: Berserk           |     3 |     6 |     7 ||    16
       Trog's Hand       |     1 |     3 |     4 ||     8
 Stab: Invisible         |       |       |     1 ||     1
Armor: Animal skin       |    37 |       |       ||    37
       Leather armour    |    41 |    84 |    31 ||   156
       Chain mail        |       |       |   111 ||   111
Dodge: Dodged            |    69 |   121 |   107 ||   297
